 Dungeon Crawl Stone Soup version 0.27.1-3-gb3d3a73c9e (webtiles) character file.

Game seed: 1092408886444553799

189 earthworldpsion the Ruffian (level 5, -3/53 HPs)
             Began as a Troll Berserker on Oct 17, 2021.
             Was a Priest of Trog.
             Slain by a scorpion (5 damage)
             ... on level 4 of the Dungeon.
             The game lasted 00:19:34 (1936 turns).

earthworldpsion the Ruffian (Troll Berserker)       Turns: 1936, Time: 00:19:34

Health: -3/53      AC:  4    Str: 26    XL:     5   Next: 40%
Magic:  4/4        EV: 10    Int:  3    God:    Trog [***...]
Gold:   121        SH:  0    Dex:  9    Spells: 4/4 levels left

rFire    . . .     SeeInvis .     - Unarmed
rCold    . . .     Faith    .   (no shield)
rNeg     . . .     Spirit   .   a - +0 animal skin
rPois    .         Reflect  .   (helmet restricted)
rElec    .         Harm     .   (no cloak)
rCorr    .         Rampage  .   (gloves unavailable)
Will     .....                  (boots unavailable)
Stlth    +.........             (no amulet)
HPRegen  1.17/turn              (no ring)
MPRegen  0.09/turn              (no ring)

@: lethally poisoned (-3 -> -4), on berserk cooldown, slowed, very slow
A: large, unfitting armour, claws 3, regeneration 1, shaggy fur 1, tough skin 1
a: Renounce Religion, Berserk, Trog's Hand


You were on level 4 of the Dungeon.
You worshipped Trog.
Trog was most pleased with you.
You visited 1 branch of the dungeon, and saw 4 of its levels.

You collected 121 gold pieces.

Inventory:

Hand Weapons
 k - a +0 war axe
Missiles
 h - 2 throwing nets (quivered)
Armour
 a - a +0 animal skin (worn)
 i - a +0 chain mail
Scrolls
 b - 2 scrolls of vulnerability {unknown}
 c - a scroll of amnesia {unknown}
 e - 4 scrolls of identify {unknown}
 g - 2 scrolls of immolation {unknown}
 j - a scroll of fear {unknown}
Potions
 d - 2 potions of curing {unknown}
 f - a potion of heal wounds {unknown}


   Skills:
 + Level 3.0 Fighting
 + Level 3.6 Dodging
 + Level 0.2 Stealth
 * Level 4.7 Unarmed Combat


You had 4 spell levels left.
You didn't know any spells.
Your spell library contained the following spells:

 Spells                   Type           Power      Damage    Failure   Level
 Animate Skeleton         Necr           0%         N/A       52%         1
 Pain                     Necr           0%         1d4       52%         1
 Vampiric Draining        Necr           0%         2d6       88%         3


Dungeon Overview and Level Annotations

Branches:
Dungeon (4/15)
 Temple: D:4-7

Altars:

Annotations:
D:4 Edmund


Innate Abilities, Weirdness & Mutations

You are too large for most types of armour.
You have claws for hands.
Your natural rate of healing is unusually fast.
You are covered in fur. (AC +1)
You have tough skin. (AC +1)


Message History

You mangle the goblin!!
You kill the goblin!
Trog accepts your kill. The scorpion stings you.
You are poisoned.
The scorpion poisons you! The gnoll hits you with a +0 whip.
The gnoll closely misses you.
You completely miss Edmund.
Edmund is severely wounded.
You feel sick. Edmund closely misses you. The adder skeleton bites you.
The scorpion barely misses you.
You barely miss Edmund.
Edmund is severely wounded.
You feel sick. The gnoll hits you with a +0 whip. x2
You barely miss the scorpion.
You feel sick. The scorpion stings you.
Edmund hits you with a +2 flail of protection.
* * * LOW HITPOINT WARNING * * *
The adder skeleton closely misses you.
Okay, then.
You feel sick.
Edmund hits you with a +2 flail of protection!
* * * LOW HITPOINT WARNING * * *
The adder skeleton bites you but does no damage.
You feel a strong urge to attack something.
You feel sick. The gnoll misses you.
You closely miss Edmund.
Edmund is severely wounded.
You feel sick.
Edmund hits you with a +2 flail of protection!
* * * LOW HITPOINT WARNING * * *
Okay, then.
You feel sick.
Edmund hits you with a +2 flail of protection.
* * * LOW HITPOINT WARNING * * *
Okay, then.
You feel a strong urge to attack something.
You are no longer berserk.
You are exhausted.
You feel yourself slow down.
You feel sick. The scorpion stings you.
You die...

###........###.
#..............
...............
##...............
.................
.................
.................
.........@......#
........s......##
........@gZ....#
...!....gg.....#
........)........
.............####
.............#
............##
.............#


You could see Edmund, a scorpion, 3 gnolls and an adder skeleton.

Vanquished Creatures
  Jessica (D:2)
  A hound zombie (D:3)
  4 gnolls (D:2)
  4 adders
  2 adder skeletons (D:3)
  A worm (D:2)
  7 bats
  3 endoplasms (D:1)
  A giant cockroach (D:3)
  7 goblins
  9 hobgoblins
  5 jackals
  2 kobolds (D:1)
  4 quokkas
  7 ball pythons
  A frilled lizard (D:1)
  A giant cockroach zombie (D:3)
  2 quokka zombies (D:3)
  3 rats
  A bush (D:1)
66 creatures vanquished.

Vanquished Creatures (others)
  2 plants (D:1)
  5 withered plants (D:3)
7 creatures vanquished.

Grand Total: 73 creatures vanquished

Notes
Turn   | Place    | Note
-------+----------+-------------------------------------------
     0 | D:1      | earthworldpsion the Troll Berserker began the quest for the
                  | Orb.
     0 | D:1      | Reached XP level 1. HP: 22/22 MP: 0/0
    70 | D:1      | Reached XP level 2. HP: 29/29 MP: 1/1
   726 | D:1      | Reached ** piety under Trog
   758 | D:2      | Reached XP level 3. HP: 36/36 MP: 2/2
   826 | D:2      | Noticed Jessica
   832 | D:2      | Killed Jessica
   904 | D:2      | Reached XP level 4. HP: 44/44 MP: 3/3
   927 | D:2      | Reached skill level 4 in Unarmed Combat
  1302 | D:3      | Reached XP level 5. HP: 53/53 MP: 4/4
  1527 | D:3      | Reached *** piety under Trog
  1727 | D:3      | Found a faded altar of an unknown god.
  1917 | D:4      | Noticed Edmund
  1935 | D:4      | HP: 3/79 [Edmund (2)]
  1936 | D:4      | Slain by a scorpion

Illustrated notes

Levels and vault maps discovered:
D:1:      mushboom_english_gardens, layout_loops_corners, serial_forest,
          infiniplex_forest_lined_2, infiniplex_forest_lined_room_,
          infiniplex_forest_clump_double, infiniplex_forest_clump_tiny,
          infiniplex_forest_clump_curved, infiniplex_forest_clump_double,
          infiniplex_forest_clump_small, infiniplex_forest_lined_3_way,
          infiniplex_forest_straight_2, infiniplex_forest_lined_3_way
D:2:      layout_loops_corners, uniq_jessica
D:3:      layout_loops_ring, shapermc_ecumenical_altar_notcrosses,
          serial_undead, serial_undead_f, serial_undead_f, serial_undead_b,
          serial_undead_d, serial_undead_c, minmay_bisected
D:4:      layout_layer_cave, gammafunk_ghost_necromancy, uniq_edmund

Skill      XL: |  1  2  3  4 |
---------------+-------------+-----
Dodging        | 3 |  3.6
Unarmed Combat | 4 |  4.7
Fighting       | 3 |  3.0
Stealth        | |  0.2

Action                   |  1- 3 |  4- 6 || total
-------------------------+-------+-------++-------
Melee: Unarmed           |   103 |   117 ||   220
       Punch             |       |     1 ||     1
Invok: Berserk           |       |     2 ||     2
       Trog's Hand       |       |     1 ||     1
Armor: Animal skin       |    40 |    42 ||    82
Dodge: Dodged            |    49 |    92 ||   141
